 Dungeon Crawl Stone Soup version 0.31.0-9-g3a7656b989 (webtiles) character file.

Game seed: 16801876799182710118

2674 Kenran the Cleaver (level 9, 0/81 HPs)
             Began as a Naga Berserker on Jan 28, 2024.
             Was a Priest of Trog.
             Slain by a water moccasin (3 damage)
             ... on level 8 of the Dungeon.
             The game lasted 00:13:25 (7114 turns).

Kenran the Cleaver (Naga Berserker)                 Turns: 7114, Time: 00:13:25

Health: 0/81       AC: 11    Str: 23    XL:     9   Next: 63%
Magic:  9/9        EV:  7    Int: 12    God:    Trog [***...]
Gold:   467        SH:  0    Dex: 11    Spells: 8/8 levels left

rFire   . . .        a - +0 war axe
rCold   . . .        (no shield)
rNeg    . . .        y - +0 chain mail
rPois   +            w - +1 helmet
rElec   .            x - +0 cloak "Equb" {Int+4}
rCorr   .            (no gloves)
SInv    +            (no barding)
Will    +....        (no amulet) Stlth
                     (no ring)
HPRegen 0.33/turn    (no ring)
MPRegen 0.11/turn

%: no passive effects
@: on berserk cooldown, slowed, very slow
A: AC +3, large, see invisible, deformed body, poison resistance, slowness 2,
spit poison 1, naga tail 1
a: Spit Poison, Renounce Religion, Berserk, Trog's Hand


You were on level 8 of the Dungeon.
You worshipped Trog.
Trog was most pleased with you.
You visited 1 branch of the dungeon, and saw 8 of its levels.

You collected 512 gold pieces.
You spent 45 gold pieces at shops.

Inventory:

Hand Weapons
 a - a +0 war axe (weapon)
 e - a +1 whip of holy wrath
Missiles
 f - 8 poisoned darts
Armour
 w - a +1 helmet (worn)
 x - the +0 cloak "Equb" (worn) {Int+4}
   (You found it on level 6 of the Dungeon)

   Int+4:     It affects your intelligence (+4).
 y - a +0 chain mail (worn)
Wands
 i - a wand of acid (7)
 s - a wand of flame (9)
Scrolls
 b - 3 scrolls of noise {!r}
 c - 3 scrolls of fear
 d - a scroll of summoning
 j - a scroll of immolation {!r}
 k - 3 scrolls of teleportation
 l - 5 scrolls of enchant weapon
 q - 3 scrolls of fog
 r - 3 scrolls of poison
Potions
 g - a potion of invisibility {unknown}
 h - a potion of ambrosia {unknown}
 m - 2 potions of degeneration {unknown}
 n - a potion of haste {unknown}
 o - 5 potions of curing {unknown}
 p - a potion of might {unknown}
 t - 2 potions of berserk rage {unknown}
 u - 2 potions of resistance {unknown}
 v - 3 potions of attraction {unknown}
 z - a potion of heal wounds {unknown}
 C - a potion of brilliance {unknown}


   Skills:
 - Level 5.1 Fighting
 + Level 11.0 Axes
 - Level 3.8 Armour
 - Level 3.8 Dodging


You had 8 spell levels left.
You didn't know any spells.
Your spell library was empty.

Dungeon Overview and Level Annotations

Branches:
Dungeon (8/15)             Temple (0/1) D:5
   Lair: D:8-11

Altars:
Cheibriados
Hepliaklqana
Kikubaaqudgha
Makhleb
Okawaru
Ru
Wu Jian
Xom
The Shining One

Shops:
D:2 (

Annotations:
D:4 1 runed translucent door, Crazy Yiuf


Innate Abilities, Weirdness & Mutations

Your serpentine skin is tough. (AC +3)
You have supernaturally acute eyesight. (SInv)
Armour fits poorly on your strangely shaped body.
Your system is resistant to poisons. (rPois)
You cover ground very slowly.
You can spit poison.
You have a snake-like lower body.


Message History

* * * LOW HITPOINT WARNING * * *
Your Axes skill increases to level 10!
You have got your breath back.
Things that are here:
a +0 giant club; a +0 giant club You feel a strong urge to attack something.
The orc priest invokes the aid of Beogh against you.
Beogh smites you!
* * * LOW HITPOINT WARNING * * *
The orc priest barely misses you.
The orc priest calls down the wrath of Beogh upon you.
Beogh smites you!
* * * LOW HITPOINT WARNING * * *
You slice the orc priest!!
You feel the power of Trog in you as your rage grows.
You kill the orc priest!
Trog accepts your kill.
You slash the orc priest! You slash the orc priest!
You kill the orc priest!
Trog accepts your kill.
You slice the orc!!
You kill the orc!
Trog accepts your kill.
You completely miss the howler monkey.
The howler monkey hits you but does no damage.
You slice the howler monkey!!
You kill the howler monkey!
Trog accepts your kill.
Your Axes skill increases to level 11!
You barely miss the water moccasin.
The water moccasin bites you but does no damage.
You closely miss the water moccasin.
The water moccasin bites you but does no damage.
You slice the water moccasin!!
The water moccasin is severely wounded.
You are no longer berserk.
You are exhausted.
You feel yourself slow down. The water moccasin bites you.
You die...

≣.≈≈≈~.≣..#....#....
≣.~≈≈~.≣..##+#####..
≣.~≈≈≈.≣.........#..
≣.~~~~ ≣.........#..
.... ≣.........#.. .
≣≣'≣≣≣≣.........#.. ...
#.....#.........#..
.....#)....#.........#..
.....)S@.).'.........###
....###....#.........
... #######........ ..
#........ . #........
+........ #........
#........


You could see a water moccasin.

Vanquished Creatures
  A two-headed ogre (D:8)
  Sigmund (D:5)
  A steam dragon (D:8)
  Menkaure (D:4)
  2 water moccasins
  An orc warrior (D:4)
  A centaur (D:8)
  3 ogres
  A phantom (D:6)
  A kobold brigand (D:8)
  3 scorpions
  A howler monkey (D:8)
  3 orc priests
  A bombardier beetle (D:6)
  A jelly (D:4)
  A gnoll bouda (D:5)
  A sleepcap (D:6)
  3 iguanas
  5 orc wizards
  7 gnolls
  7 adders
  A shadow imp (D:6)
  A white imp (D:5)
  2 ufetubi (D:7)
  2 dart slugs
  3 ribbon worms (D:2)
  31 orcs
  10 ball pythons
  7 bats
  6 endoplasms
  2 giant cockroaches
  13 goblins
  4 hobgoblins
  8 jackals (D:1)
  7 kobolds
  4 quokkas
  7 frilled lizards
  2 rats
156 creatures vanquished.

Notes
Turn   | Place    | Note
-------+----------+-------------------------------------------
     0 | D:1      | Kenran the Naga Berserker began the quest for the Orb.
     0 | D:1      | Reached XP level 1. HP: 21/21 MP: 1/1
   159 | D:1      | Reached XP level 2. HP: 28/28 MP: 2/2
   294 | D:1      | Reached XP level 3. HP: 24/34 MP: 3/3
   871 | D:2      | Reached ** piety under Trog
   959 | D:2      | Found Pahud's Weapon Boutique.
  1067 | D:2      | Reached XP level 4. HP: 30/42 MP: 4/4
  1681 | D:3      | Found an iron altar of Okawaru.
  1758 | D:3      | Found a faded altar of an unknown god.
  1786 | D:3      | Reached XP level 5. HP: 50/50 MP: 5/5
  2069 | D:3      | Found a snail-covered altar of Cheibriados.
  2411 | D:4      | Found a runed translucent door.
  2412 | D:4      | Noticed Crazy Yiuf
  2483 | D:4      | Noticed an ogre
  2490 | D:4      | Killed an ogre
  2491 | D:4      | Reached skill level 4 in Axes
  2491 | D:4      | Reached XP level 6. HP: 48/57 MP: 6/6
  2647 | D:2      | Bought a +0 war axe for 45 gold pieces
  2779 | D:4      | Reached *** piety under Trog
  2842 | D:4      | Found a hazy altar of Hepliaklqana.
  3016 | D:4      | Found a glowing golden altar of the Shining One.
  3142 | D:4      | Noticed Menkaure
  3158 | D:4      | Killed Menkaure
  3159 | D:4      | Reached XP level 7. HP: 48/66 MP: 7/7
  3477 | D:4      | Reached skill level 5 in Axes
  3502 | D:4      | Reached skill level 5 in Fighting
  3739 | D:5      | Entered Level 5 of the Dungeon
  3926 | D:5      | Reached XP level 8. HP: 61/74 MP: 8/8
  4025 | D:5      | Noticed Sigmund
  4059 | D:5      | Killed Sigmund
  4060 | D:5      | Reached skill level 6 in Axes
  4205 | D:5      | Found a staircase to the Ecumenical Temple.
  4240 | D:5      | Reached skill level 7 in Axes
  4836 | D:6      | Identified the +0 cloak "Equb" {Int+4}
  4961 | D:6      | Found a shimmering altar of Xom.
  5097 | D:6      | Reached skill level 8 in Axes
  6288 | D:7      | Found a sacrificial altar of Ru.
  6717 | D:8      | Found a burning altar of Makhleb.
  6726 | D:8      | Found an ancient bone altar of Kikubaaqudgha.
  6727 | D:8      | Found an ornate altar of the Wu Jian Council.
  6747 | D:8      | Reached skill level 9 in Axes
  6747 | D:8      | Reached XP level 9. HP: 80/81 MP: 9/9
  7094 | D:8      | Noticed a two-headed ogre
  7103 | D:8      | Killed a two-headed ogre
  7104 | D:8      | Reached skill level 10 in Axes
  7106 | D:8      | HP: 3/121 [orc priest/divine providence (13)]
  7112 | D:8      | Reached skill level 11 in Axes
  7114 | D:8      | Slain by a water moccasin

Illustrated notes

Levels and vault maps discovered:
D:1:      co_arrival_hexagon_in_a_hexagon, layout_rooms,
          nicolae_concentric_dashed_squares_mild
D:2:      layout_loops_cross, serial_shops, nicolae_shop_tiny_statue_garden,
          serial_glass, glass_columns_a, glass_columns_b, glass_columns_c,
          glass_columns_c, glass_columns_a, feat_on_display, item_on_display_a,
          feat_on_display
D:3:      layout_loops_cross, mainiacjoe_overflow_alcove_2,
          kennysheep_okawaru_gauntlet, hellmonk_ecumenical_altar_lost_god
D:4:      layout_basic, nzn_hepliaklqana_mist_gate, lemuel_round_altar,
          minmay_distorted, uniq_menkaure, uniq_crazy_yiuf_cottage
D:5:      layout_cave_pools, minmay_temple_entry_wispy, uniq_sigmund
D:6:      layout_loops_cross, lemuel_tele_altar, amcnicky_mini_pool_small
D:7:      layout_basic, hangedman_ru_absence, nicolae_hexahallways, hex_tiny
D:8:      layout_gridville, bloody_makhleb, jmf_multi_god_temple,
          minmay_misc_feat_four_crosses, nrook_pool_corridor

Skill      XL: |  1  2  3  4  5  6  7  8  9 |
---------------+----------------------------+-----
Dodging        | 2 3 |  3.8
Armour         | 2 3 |  3.8
Fighting       | 4 5 |  5.1
Axes           | 4 5 9 11 | 11.0

Action                     |  1- 3 |  4- 6 |  7- 9 || total
---------------------------+-------+-------+-------++-------
  Melee: Hand axe          |    80 |    75 |       ||   155
         War axe           |       |    39 |   196 ||   235
         Punch             |       |       |     2 ||     2
 Invoke: Berserk           |     2 |     2 |     3 ||     7
Ability: Spit Poison       |    27 |    26 |    33 ||    86
  Evoke: Wand              |       |       |     2 ||     2
    Use: Scroll            |       |     5 |     4 ||     9
 Armour: Animal skin       |    56 |       |       ||    56
         Scale mail        |    20 |   102 |    94 ||   216
         Chain mail        |       |       |    93 ||    93
  Dodge: Dodged            |    59 |    50 |    94 ||   203
